 Dungeon Crawl Stone Soup version 0.22-a0-422-g9628fc8 (webtiles) character file.

24647 iamserjio the Geomancer (level 13, -37/101 HPs)
             Began as a Formicid Earth Elementalist on May 18, 2018.
             Was a Priest of Kikubaaqudgha.
             Annihilated by a minotaur
             ... wielding a +5 vampiric demon trident
              (40 damage)
             ... in a labyrinth.
             The game lasted 01:00:36 (20496 turns).

iamserjio the Geomancer (FoEE)                     Turns: 20496, Time: 01:00:37

Health: -37/101    AC: 11    Str: 13    XL:     13   Next: 44%
Magic:  3/52       EV: 11    Int: 20    God:    Kikubaaqudgha [***...]
Gold:   126        SH:  6    Dex: 11    Spells: 0/34 levels left

rFire    + + +     SeeInvis +   H - staff of power
rCold    + + +     Gourm    .   T - +2 buckler {rC+ rF+}
rNeg     + . .     Faith    .   A - +0 troll leather armour
rPois    +         Spirit   .   (helmet unavailable)
rElec    +         Reflect  .   v - scarf {rC+ rF+}
rCorr    +         Harm     .   m - +2 pair of gloves
MR       +....                  c - +2 pair of boots
Stlth    +++.......             n - amulet of regeneration
HPRegen  1.06/turn              O - ring "Xeung" {rF+ rN+ SInv}
MPRegen  0.33/turn              E - ring of magical power

@: resistant, flying, very slightly contaminated, drained
A: permanent stasis, dig shafts and tunnels, four strong arms, antennae 3
a: Dig, Shaft Self, Receive Corpses, Renounce Religion


You were in a labyrinth.
You worshipped Kikubaaqudgha.
Kikubaaqudgha was most pleased with you.
You were not hungry.

You visited 3 branches of the dungeon, and saw 17 of its levels.
You visited 1 bazaar.
You also visited: Labyrinth.

You collected 747 gold pieces.
You spent 621 gold pieces at shops.

Inventory:

Hand Weapons
 u - the +5 dagger "Ovefaoqa" {venom, *Drain rPois Int+6}
   (You found it on level 4 of the Dungeon)

   It poisons the flesh of those it strikes.
   It affects your intelligence (+6).
   It protects you from poison.
   It causes draining when unequipped.
 M - a +2 falchion of draining
Missiles
 b - 222 stones (quivered)
Armour
 c - a +2 pair of boots (worn)
 g - a +1 leather armour of poison resistance
 m - a +2 pair of gloves (worn)
 s - the +2 pair of boots of Anaesthesia {+Inv rPois rC+ Int-4}
   (You bought it in a shop in a bazaar)

   It affects your intelligence (-4).
   It protects you from cold.
   It protects you from poison.
   It lets you turn invisible.
 v - a scarf of resistance (worn)
 y - a +3 leather armour
 A - a +0 troll leather armour (worn)
 F - a +2 robe of resistance
 T - a +2 buckler of resistance (worn)
Magical Staves
 H - an uncursed staff of power (weapon)
Jewellery
 n - an amulet of regeneration (around neck)
 t - an uncursed ring of resist corrosion
 E - a ring of magical power (right hand)
 N - an uncursed ring of protection from fire
 O - the ring "Xeung" (left hand) {rF+ rN+ SInv}
   (You found it on level 9 of the Dungeon)

   [ring of see invisible]

   It protects you from fire.
   It protects you from negative energy.
   It lets you see invisible.
 X - an uncursed ring of protection from magic
Wands
 x - a wand of acid (22)
 B - a wand of digging (12)
 U - a wand of iceblast (8)
Scrolls
 a - 2 scrolls of fog {unknown}
 d - 3 scrolls of amnesia
 e - 3 scrolls of enchant weapon
 i - a scroll of immolation {unknown}
 l - 2 scrolls of magic mapping
 o - 2 scrolls of noise {unknown}
 r - 3 scrolls of remove curse
 C - 2 scrolls of teleportation {unknown}
 P - 4 scrolls of fear {unknown}
 S - a scroll of holy word {unknown}
 W - a scroll of random uselessness {unknown}
 Z - 2 scrolls of silence {unknown}
Potions
 f - a potion of lignification
 j - 2 potions of haste {unknown}
 k - a potion of invisibility {unknown}
 p - 2 potions of resistance
 w - 4 potions of might
 z - 2 potions of flight
 G - 2 potions of berserk rage {unknown}
 K - 2 potions of heal wounds {unknown}
 Q - 2 potions of brilliance {unknown}
 R - 2 potions of curing
 V - a potion of mutation {unknown}
Comestibles
 q - 20 rations


   Skills:
 + Level 9.0(8.0) Fighting
 + Level 5.5(4.7) Armour
 - Level 1.7(0.9) Dodging
 - Level 6.1(5.2) Stealth
 - Level 4.0(3.1) Shields
 + Level 11.3(10.3) Spellcasting
 * Level 10.4(9.4) Necromancy
 - Level 1.1(0.3) Transmutations
 + Level 13.3(12.3) Earth Magic


You couldn't memorise any spells.
You knew the following spells:

 Your Spells              Type           Power        Failure   Level  Hunger
a - Sandblast             Erth           ######       1%          1    None
b - Stone Arrow           Conj/Erth      ####..       1%          3    None
c - Passwall              Tmut/Erth      #####.....   1%          2    None
d - Lee's Rapid Deconstr  Erth           ######....   1%          5    ####...
e - Vampiric Draining     Necr           #####.....   1%          3    None
f - Regeneration          Chrm/Necr      ####......   3%          3    None
g - Sublimation of Blood  Necr           #####.....   1%          2    None
h - Animate Skeleton      Necr           N/A          1%          1    None
i - Animate Dead          Necr           N/A          1%          4    ##.....
j - Bolt of Draining      Conj/Necr      ####......   32%         5    ####...
k - Dispel Undead         Necr           #####...     4%          5    ####...

Your spell library contained the following spells:

 Spells                   Type           Power        Failure   Level  Hunger
 Pain                     Necr           ####         1%          1    None
 Corpse Rot               Necr           N/A          1%          2    None
 Agony                    Necr           #####...     4%          5    ####...
 Simulacrum               Ice/Necr       ####......   88%         6    ######.
 Excruciating Wounds      Chrm/Necr      ####......   32%         5    ####...
 Petrify                  Tmut/Erth      #####...     6%          4    ##.....


Dungeon Overview and Level Annotations

Branches:
Dungeon (14/15)            Temple (1/1) D:7            Lair (2/6) D:11
  Snake (0/4) Lair:2          Orc (0/2) D:11
  Swamp: Lair:2-4    Shoals: Lair:2-4    Vaults: D:13-14

Altars:
Ashenzari
Cheibriados
Dithmenos
Elyvilon
Fedhas
Hepliaklqana
Kikubaaqudgha
Makhleb
Nemelex Xobeh
Okawaru
Sif Muna
Trog
Uskayaw
Vehumet
Wu Jian
Xom
Yredelemnul
Zin
The Shining One

Portals:
Trove: D:10 (give +7 demon blade)


Innate Abilities, Weirdness & Mutations

You cannot be hasted, slowed, berserked, paralysed or teleported.
You can dig through walls and to a lower floor.
Your four strong arms can wield two-handed weapons with a shield.
You have a pair of large antennae on your head. (SInv)


Message History

Unknown command.
Evoke which item? (* to show all) (? for menu, Esc to quit)
Aiming: Iceblast
Press: ? - help, Shift-Dir - straight line, f - minotaur
Aim: a minotaur, wielding a vampiric demon trident, wearing a runed plate armour and wearing an agate ring (severely wounded)
The mass of ice explodes!
The iceblast engulfs the minotaur.
The minotaur partially resists.
The minotaur is almost dead.
The minotaur hits you from afar with a vampiric demon trident!!
* * * LOW HITPOINT WARNING * * *
The minotaur draws strength from your wounds!
Evoke which item? (* to show all) (? for menu, Esc to quit)
Aiming: Iceblast
Press: ? - help, Shift-Dir - straight line, f/p - minotaur
Aim: a minotaur, wielding a vampiric demon trident, wearing a runed plate armour and wearing an agate ring (severely wounded)
The mass of ice explodes!
The iceblast engulfs the minotaur.
The minotaur is severely wounded.
The minotaur hits you from afar with a vampiric demon trident!!!
You die...
Kikubaaqudgha rasps: "You have failed me!
Welcome... death!"

##### . .#
#@#.# .
#######.#.#.#..
.
.#.....H.#.#..
# #.#
#.###(#...# . #
#. # #.......#
.. #...#
#######.# # ..
. . #.#.# .
...#.### .#.#.
#. # .....#.#.H


You could see a minotaur.

Vanquished Creatures
  The ghost of Verendum the Grappler, a journeyman TrMo of Cheibriados (D:11)
  2 hydras
  3 two-headed ogres
  2 centaur warriors
  An ugly thing (D:13)
  A manticore (D:12)
  A deep elf mage (D:13)
  2 cyclopes
  A centaur zombie (D:14)
  Psyche (D:12)
  A gargoyle (D:10)
  A spiny frog (Lair:1)
  A guardian serpent (Lair:1)
  A centaur skeleton (D:13)
  A freezing wraith (D:13)
  A komodo dragon (Lair:1)
  4 trolls
  4 slime creatures (D:13)
  A hornet (D:9)
  6 hippogriffs
  A spriggan (D:13)
  12 yaks
  A vampire (D:12)
  A wraith (D:11)
  A wyvern (D:7)
  A shadow (D:11)
  3 steam dragons
  3 hungry ghosts
  A water moccasin (Lair:1)
  4 porcupines
  3 black bears
  10 orc warriors
  6 ice beasts
  4 sky beasts
  3 phantoms
  3 crocodiles
  7 ogres
  7 centaurs
  3 big kobolds
  9 bullfrogs
  A gnoll sergeant (D:10)
  8 scorpions
  12 killer bees
  7 wights (D:12)
  4 howler monkeys
  5 crimson imps
  11 hounds
  3 jellies
  8 orc priests
  6 orc wizards
  13 worker ants
  4 iguanas
  A hound zombie (D:6)
  A hound skeleton (D:9)
  A worker ant zombie (D:10)
  3 gnolls (D:10)
  2 howler monkey zombies
  21 adders
  5 shadow imps
  An ooze (D:3)
  An adder zombie (D:5)
  An adder skeleton (D:7)
  5 worms
  2 dart slugs
  5 leopard geckos
  32 orcs
  4 bats
  4 giant cockroaches
  7 goblins
  10 hobgoblins
  13 jackals
  3 quokkas
  2 ball pythons
  4 frilled lizards
  21 kobolds
  A leopard gecko skeleton (D:7)
  A quokka zombie (D:6)
  10 rats
362 creatures vanquished.

Vanquished Creatures (collateral kills)
  A komodo dragon (Lair:1)
  A porcupine (Lair:1)
  A bullfrog (Lair:1)
  A kobold (D:13)
4 creatures vanquished.

Vanquished Creatures (others)
  An ogre (D:6)
  A bullfrog (D:6)
  A leopard gecko (D:6)
  A fungus (Lair:1)
4 creatures vanquished.

Grand Total: 370 creatures vanquished

Notes
Turn   | Place    | Note
-------+----------+-------------------------------------------
     0 | D:1      | iamserjio the Formicid Earth Elementalist began the quest for the Orb.
     0 | D:1      | Reached XP level 1. HP: 13/13 MP: 3/3
   186 | D:1      | Reached XP level 2. HP: 16/19 MP: 1/5
   198 | D:1      | Reached skill level 4 in Earth Magic
   718 | D:1      | Reached XP level 3. HP: 11/24 MP: 5/7
  1339 | D:2      | Reached XP level 4. HP: 18/30 MP: 4/8
  1866 | D:2      | Reached skill level 1 in Shields
  2106 | D:2      | Reached skill level 5 in Earth Magic
  2514 | D:3      | Reached XP level 5. HP: 15/35 MP: 6/10
  3520 | D:3      | Found a radiant altar of Vehumet.
  4187 | D:4      | Noticed an ogre
  4611 | D:4      | Killed an ogre
  4611 | D:4      | Reached XP level 6. HP: 41/41 MP: 9/12
  4631 | D:4      | Reached skill level 6 in Earth Magic
  5383 | D:4      | Got a polished dagger
  5460 | D:4      | Identified the +5 dagger "Ovefaoqa" {venom, *Drain rPois Int+6} (You found it on level 4 of the Dungeon)
  5466 | D:4      | Learned a level 3 spell: Stone Arrow
  5469 | D:4      | Learned a level 2 spell: Passwall
  5746 | D:5      | Entered Level 5 of the Dungeon
  5780 | D:5      | Reached XP level 7. HP: 33/46 MP: 14/14
  5827 | D:5      | Reached skill level 5 in Spellcasting
  5874 | D:5      | Found a shadowy altar of Dithmenos.
  5989 | D:5      | Reached skill level 7 in Earth Magic
  6227 | D:5      | Reached XP level 8. HP: 21/52 MP: 12/16
  6755 | D:6      | Found a shimmering altar of Xom.
  7087 | D:6      | Reached skill level 8 in Earth Magic
  7571 | D:6      | Found a snail-covered altar of Cheibriados.
  7788 | D:6      | Reached skill level 9 in Earth Magic
  7788 | D:6      | Reached XP level 9. HP: 51/57 MP: 5/20
  7968 | D:7      | HP: 1/57 [killer bee (8)]
  7970 | D:7      | You fall through a shaft!
  8505 | D:7      | Learned a level 5 spell: Lee's Rapid Deconstruction
  8514 | D:7      | Reached skill level 1 in Fighting
  8639 | D:7      | Reached skill level 10 in Earth Magic
  8713 | D:7      | Found a staircase to the Ecumenical Temple.
  9596 | D:7      | Reached XP level 10. HP: 62/71 MP: 5/22
  9876 | D:8      | Learned a level 3 spell: Vampiric Draining
  9880 | D:8      | Learned a level 3 spell: Regeneration
  9911 | D:8      | Noticed a two-headed ogre
  9980 | D:8      | Killed a two-headed ogre
  9980 | D:8      | Reached skill level 11 in Earth Magic
 10063 | Temple   | Entered the Ecumenical Temple
 10145 | Temple   | Became a worshipper of Kikubaaqudgha
 10229 | D:8      | Found a blossoming altar of Fedhas.
 10876 | D:7      | Found an ornate altar of the Wu Jian Council.
 11015 | D:7      | Reached skill level 5 in Fighting
 11630 | D:7      | Noticed a two-headed ogre
 11636 | D:7      | Killed a two-headed ogre
 11636 | D:7      | Reached skill level 5 in Necromancy
 11636 | D:7      | Reached XP level 11. HP: 33/81 MP: 24/24
 12412 | D:9      | Got a flickering ivory ring
 12723 | D:10     | Entered Level 10 of the Dungeon
 12737 | D:10     | Reached skill level 10 in Spellcasting
 13024 | D:10     | Reached * piety under Kikubaaqudgha
 13024 | D:10     | Identified Kikubaaqudgha's Grimoire of Unholy Rites (Kikubaaqudgha gifted it to you on level 10 of the Dungeon)
 13024 | D:10     | Received a gift from Kikubaaqudgha
 13165 | D:10     | Learned a level 2 spell: Sublimation of Blood
 13167 | D:10     | Learned a level 1 spell: Animate Skeleton
 13406 | D:10     | Identified the ring "Xeung" {rF+ rN+ SInv} (You found it on level 9 of the Dungeon)
 13606 | D:10     | Reached skill level 12 in Earth Magic
 13906 | D:10     | Found a portal to a secret trove of treasure.
 14203 | D:11     | Found a staircase to the Lair.
 14419 | D:11     | Found a staircase to the Orcish Mines.
 14525 | D:11     | Noticed Verendum's ghost (journeyman TrMo)
 14543 | D:11     | Killed Verendum's ghost
 14543 | D:11     | Reached skill level 1 in Armour
 15024 | D:11     | Noticed a cyclops
 15028 | D:11     | Killed a cyclops
 15260 | D:12     | Found a flickering gateway to a bazaar.
 15267 | Bazaar   | Entered a bazaar
 15281 | Bazaar   | Found Zotewkei's Jewellery Shoppe.
 15313 | Bazaar   | Found Zuageucw's Assorted Antiques.
 15313 | Bazaar   | Found Utyhioz's Antique Armour Shoppe.
 15335 | Bazaar   | Found Jimuohum's Gadget Emporium.
 15372 | Bazaar   | Bought a pair of smoking boots for 209 gold pieces
 15372 | Bazaar   | Bought a glowing buckler for 165 gold pieces
 15392 | Bazaar   | Identified the +2 pair of boots of Anaesthesia {+Inv rPois rC+ Int-4} (You bought it in a shop in a bazaar)
 15409 | Bazaar   | Bought a bubbling ruby potion for 24 gold pieces
 15409 | Bazaar   | Bought a scroll labeled POUSIU TESCH for 27 gold pieces
 15409 | Bazaar   | Bought a fizzy sapphire potion for 24 gold pieces
 15409 | Bazaar   | Bought a dark potion for 24 gold pieces
 15409 | Bazaar   | Bought a scroll labeled FOJOITHR NOON for 27 gold pieces
 15409 | Bazaar   | Bought a scroll labeled NETZAY AHOKOEM for 27 gold pieces
 15409 | Bazaar   | Bought a scroll of amnesia for 94 gold pieces
 15494 | D:12     | Noticed Psyche
 15502 | D:12     | Killed Psyche
 15550 | D:12     | Reached XP level 12. HP: 91/91 MP: 19/26
 15565 | D:12     | Reached ** piety under Kikubaaqudgha
 17164 | D:13     | Reached skill level 5 in Stealth
 17465 | D:13     | Noticed a two-headed ogre
 17475 | D:13     | Killed a two-headed ogre
 17475 | D:13     | Reached *** piety under Kikubaaqudgha
 17475 | D:13     | Identified Kikubaaqudgha's Collected Works on Black Magic (Kikubaaqudgha gifted it to you on level 13 of the Dungeon)
 17475 | D:13     | Received a gift from Kikubaaqudgha
 17640 | D:13     | Learned a level 4 spell: Animate Dead
 17646 | D:13     | Learned a level 5 spell: Bolt of Draining
 18261 | D:13     | Noticed a six-headed hydra
 18267 | D:13     | Killed a six-headed hydra
 18284 | D:13     | Noticed a centaur warrior
 18289 | D:13     | Killed a centaur warrior
 18289 | D:13     | Reached XP level 13. HP: 81/99 MP: 15/27
 18583 | D:13     | Reached skill level 13 in Earth Magic
 18869 | D:14     | Learned a level 5 spell: Dispel Undead
 18877 | D:14     | Noticed a centaur warrior
 18881 | D:14     | Killed a centaur warrior
 18891 | D:14     | Noticed a four-headed hydra
 18893 | D:14     | Noticed a six-headed hydra
 19106 | Lair:1   | Entered Level 1 of the Lair of Beasts
 19111 | Lair:1   | Reached skill level 5 in Armour
 19264 | Lair:1   | Reached skill level 10 in Necromancy
 19298 | Lair:1   | Noticed an eight-headed hydra
 19304 | Lair:1   | Killed an eight-headed hydra
 20321 | Lair:2   | Found a staircase to the Snake Pit.
 20345 | Lair:2   | Found a labyrinth entrance.
 20355 | Lab      | Entered a labyrinth
 20469 | Lab      | Noticed a minotaur
 20495 | Lab      | HP: 2/101 [minotaur/vampiric demon trident (18)]
 20496 | Lab      | Annihilated by a minotaur

Vault maps used:
D:1:      ncdulo_watergridlock, serial_bayou_ford_a, skrybe_limestone_x
D:2:      lemuel_upstairs_altar
D:3:      vehumet_crystals, first_ration, kennysheep_path_1, corner_web_ring
D:4:      grunt_decor_cap, minmay_misc_feat_tower
D:5:      nicolae_dithmenos_the_darkroom
D:6:      cheibrodos_worm_habitat, xom_confusion_cloud
D:7:      minmay_the_grid_triangle_9x9_recursive_2, lemuel_doored_altar,
          minmay_temple_entry_from_below_a
D:8:      fedhas_bush_and_centaur_altar
D:10:     enter_trove_3
D:11:     grunt_lair_entry_orc_guard_hut, orc_0_dummy
D:12:     serial_shops, bzr_in_the_mist, special_room, uniq_psyche
D:13:     the_bakery
D:14:     david_vaults_2, tso_metal_star
Temple:   regret_index_temple_sphere_string
Lair:1:   grunt_megastairs_1
Lair:2:   minmay_snake_entry_spellcaster, lab_entry_generic, enter_volcano_3,
          lemuel_fruit_tree, grunt_megastairs_2, serial_bayou_shore_b,
          uniq_nergalle
Lab:      labyrinth_mini_lab
Bazaar:   bazaar_long_row

Skill      XL: |  1  2  3  4  5  6  7  8  9 10 11 12 13 |
---------------+----------------------------------------+-----
Earth Magic    | 4 5 6 7 9 10 11 12 13 | 13.3
Spellcasting   | 3 4 5 7 8 9 10 11 | 11.3
Shields        | 1 2 3 4 |  4.0
Fighting       | 3 5 7 8 9 |  9.0
Necromancy     | 5 7 9 10 | 10.4
Armour         | 1 4 5 |  5.5
Stealth        | 3 6 |  6.1
Dodging        | |  1.7
Transmutations | |  1.1

Action                   |  1- 3 |  4- 6 |  7- 9 | 10-12 | 13-15 || total
-------------------------+-------+-------+-------+-------+-------++-------
Melee: Unarmed           |    26 |       |       |       |       ||    26
       Dagger            |    72 |   162 |    43 |    87 |    15 ||   379
 Cast: Sandblast         |    22 |    59 |    43 |    56 |     6 ||   186
       Stone Arrow       |       |       |    76 |   269 |    62 ||   407
       Lee's Rapid Decon |       |       |    17 |    30 |    28 ||    75
       Sublimation of Bl |       |       |       |     4 |       ||     4
       Animate Dead      |       |       |       |     2 |     3 ||     5
       Regeneration      |       |       |       |       |     1 ||     1
 Abil: Shaft Self        |       |       |     1 |       |       ||     1
Evoke: Wand              |       |       |       |     1 |     4 ||     5
  Use: Scroll            |       |       |     6 |     7 |     4 ||    17
       Potion            |       |       |     2 |       |     3 ||     5
 Stab: Sleeping          |     2 |     6 |       |     1 |       ||     9
  Eat: Chunk             |     2 |    10 |    10 |    24 |     5 ||    51
       Ration            |       |     1 |     1 |     3 |     2 ||     7
Armor: Robe              |    19 |    38 |    16 |    18 |       ||    91
       Troll leather arm |       |       |       |    28 |    23 ||    51
Dodge: Dodged            |    73 |   121 |    57 |    81 |    47 ||   379
Block: Buckler           |       |     1 |    18 |    39 |    29 ||    87

Table legend:
 A = Spawn XP
 B = Non-spawn XP
 C = Spawn XP percentage of total XP
 D = Spawn monster count
 E = Non-spawn monster count
 F = Spawn count percentage of total count
 G = Total turns spent on level
                    A         B        C        D         E        F      G
               +---------+---------+-------+---------+---------+-------+---------
         Total |       0 |   35211 |   0.0 |       0 |     366 |   0.0 | 20496
               +---------+---------+-------+---------+---------+-------+---------
           D:1 |       0 |      47 |   0.0 |       0 |      26 |   0.0 |  1309
           D:2 |       0 |      86 |   0.0 |       0 |      15 |   0.0 |  1174
           D:3 |       0 |     115 |   0.0 |       0 |      36 |   0.0 |  1886
           D:4 |       0 |     264 |   0.0 |       0 |      12 |   0.0 |  1377
           D:5 |       0 |     632 |   0.0 |       0 |      12 |   0.0 |  1144
           D:6 |       0 |     904 |   0.0 |       0 |      22 |   0.0 |  1061
           D:7 |       0 |    4696 |   0.0 |       0 |      54 |   0.0 |  2698
           D:8 |       0 |    1810 |   0.0 |       0 |      15 |   0.0 |  1388
           D:9 |       0 |    1269 |   0.0 |       0 |      21 |   0.0 |   585
          D:10 |       0 |    1648 |   0.0 |       0 |      19 |   0.0 |  1219
          D:11 |       0 |    3431 |   0.0 |       0 |      21 |   0.0 |  1570
          D:12 |       0 |    4352 |   0.0 |       0 |      41 |   0.0 |  1406
          D:13 |       0 |    8521 |   0.0 |       0 |      40 |   0.0 |  1836
          D:14 |       0 |    2187 |   0.0 |       0 |       9 |   0.0 |   181
        Lair:1 |       0 |    5140 |   0.0 |       0 |      22 |   0.0 |  1224
        Lair:2 |       0 |     109 |   0.0 |       0 |       1 |   0.0 |    25
               +---------+---------+-------+---------+---------+-------+---------
